 Dungeon Sprint DCSS version 0.13-a0-2859-gb62c5ab (webtiles) character file.

2766 Misa the Unseen (level 9, -3/36 (39) HPs)
             Began as a Spriggan Enchanter on Aug 28, 2013.
             Engulfed by a cloud of foul pestilence (6 damage)
             ... in the Dungeon (Sprint II: "The Violet Keep of Menkaure").
             The game lasted 00:01:56 (307 turns).

Misa the Unseen (Spriggan Enchanter)                 Turns: 307, Time: 00:01:56

HP  -3/36 (39)   AC  3     Str  4      XL: 9   Next: 28%
MP  15/30        EV 18     Int 12 (17) God:
Gold 263         SH  0     Dex 19      Spells:  2 memorised, 28 levels left

Res.Fire  : . . .   See Invis. : +   a - +1 dagger {=f}
Res.Cold  : . . .   Warding    : .   b - +1 robe
Life Prot.: . . .   Conserve   : .   (shield restricted)
Res.Poison: .       Res.Corr.  : .   (helmet restricted)
Res.Elec. : .       Clarity    : .   (no cloak)
Sust.Abil.: . .     Spirit.Shd : .   (gloves unavailable)
Res.Mut.  : .       Prev.Telep.: +   (boots unavailable)
Res.Rott. : .       Flight     : .   (no amulet)
Saprovore : . . .                    (no ring)
                                     (no ring)

@: very poisoned, slowed, quick, quite resistant to hostile enchantments,
extraordinarily stealthy
A: unfitting armour, see invisible, herbivore 3, speed 3, slow metabolism 2
a: no special abilities


You were in the Dungeon.
You were not hungry.

You visited 1 branch You collected 243 gold pieces.

Inventory:

Hand weapons
 a - a +1,+1 dagger (weapon) {=f}
Missiles
 d - 12 darts (quivered)
Armour
 b - a +1 robe (worn)
Scrolls
 k - a scroll of blinking
Potions
 e - a potion of porridge
 f - a potion of curing
 g - a potion of heal wounds
 h - a potion of speed
 i - 2 potions of magic
Books
 c - a book of Maledictions

   Spells                             Type                      Level
   *Corona                            Hexes                        1
   Sure Blade                         Hexes/Charms                 2
   *Ensorcelled Hibernation           Hexes/Ice                    2
   Confuse                            Hexes                        3
   Enslavement                        Hexes                        4
   Invisibility                       Hexes                        6


   Skills:
 - Level 12.4 Short Blades
 - Level 1.1 Throwing
 - Level 3.0 Dodging
 - Level 16.9 Stealth
 * Level 11.6 Spellcasting
 * Level 12.0 Hexes


You had 28 spell levels left.
You knew the following spells:

 Your Spells              Type           Power        Failure   Level  Hunger
a - Corona                Hex            #####..      1%          1    None
b - Ensorcelled Hibernat  Hex/Ice        ###...       1%          2    None


Dungeon Overview and Level Annotations

Branches:
Dungeon (1/1)

Altars:
Cheibriados
Nemelex Xobeh
Okawaru
Sif Muna
Xom
Yredelemnul
Zin
Beogh


Innate Abilities, Weirdness & Mutations

You are tiny and cannot use many weapons and most armour.
You have supernaturally acute eyesight.
You are a herbivore.
You cover ground extremely quickly.
You need consume almost no food.


Message History

You feel sick.
You are engulfed in dark miasma.
You are more poisoned.
You feel yourself slow down.
You feel sick.
The swamp drake is engulfed in dark miasma.
You are engulfed in dark miasma.
You are more poisoned.
You feel sick.
Really walk into that arrow trap?
An arrow shoots out and hits you!
* * * LOW HITPOINT WARNING * * *
You are engulfed in dark miasma.
You are more poisoned.
* * * LOW HITPOINT WARNING * * *
You feel sick.
There is an arrow trap here.
You see here an arrow.
You are engulfed in dark miasma.
You are more poisoned.
You die...

.§§§§.. . ..§§§ ... ##
++#+++## ...#l## .......#
..#§§# ##'##..# #.#§l#
#.####.#### +§##§#
.##..#....# #§§§##
#%..####..## ##§§#
##'###.##..# +§@# ##<##j#
#..# #.(#
+.<.+##$+..####..###
##<##...#....###...#####
##'###j##......§≈≈≈≈≈≈≈≈≈
#.#.# ##≈§.....§#'######
%###%#≈≈≈§≈≈≈..≈#.......
# ##≈≈≈≈§≈{≈.≈#....⌠..
≈≈§≈≈§≈≈≈≈≈#..._._


You could see a swamp drake (wandering).

Vanquished Creatures
  2 plague shamblers (D)
  A death drake (D)
  A boulder beetle (D)
  2 hippogriffs (D)
  4 brain worms (D)
  An agate snail (D)
11 creatures vanquished.

Notes
Turn   | Place    | Note
--------------------------------------------------------------
     0 | D        | Misa, the Spriggan Enchanter, began the quest for the Orb.
     0 | D        | Reached XP level 1. HP: 9/9 MP: 4/4
     1 | D        | Noticed a boulder beetle
     1 | D        | Noticed a boulder beetle
     4 | D        | Noticed a brain worm
     4 | D        | Noticed a brain worm
     4 | D        | Noticed a brain worm
     4 | D        | Noticed a brain worm
    10 | D        | Killed a brain worm
    10 | D        | Reached skill level 6 in Short Blades
    10 | D        | Reached skill level 9 in Stealth
    10 | D        | Reached XP level 2. HP: 13/13 MP: 6/6
    10 | D        | Reached XP level 3. HP: 16/16 MP: 9/9
    10 | D        | Reached XP level 4. HP: 21/21 MP: 11/11
    14 | D        | Killed a brain worm
    14 | D        | Reached skill level 11 in Stealth
    14 | D        | Reached XP level 5. HP: 24/24 MP: 13/13
    17 | D        | Killed a brain worm
    17 | D        | Reached skill level 12 in Stealth
    25 | D        | Killed a brain worm
    25 | D        | Reached skill level 13 in Stealth
    25 | D        | Reached XP level 6. HP: 28/28 MP: 16/16
    74 | D        | Killed a boulder beetle
    74 | D        | Reached skill level 15 in Stealth
    79 | D        | Noticed a hippogriff
    79 | D        | Noticed a hippogriff
    82 | D        | Killed a hippogriff
    82 | D        | Reached skill level 16 in Stealth
    82 | D        | Reached XP level 7. HP: 25/32 MP: 18/18
    85 | D        | Killed a hippogriff
    89 | D        | Noticed an agate snail
    89 | D        | Noticed an agate snail
    89 | D        | Noticed an agate snail
    92 | D        | Killed an agate snail
   159 | D        | Learned a level 2 spell: Ensorcelled Hibernation
   159 | D        | Noticed a silver statue
   162 | D        | Noticed a crocodile
   172 | D        | Noticed a baby alligator
   174 | D        | Found a roughly hewn altar of Beogh.
   174 | D        | Found a snail-covered altar of Cheibriados.
   174 | D        | Found a basalt altar of Yredelemnul.
   174 | D        | Found a sparkling altar of Nemelex Xobeh.
   176 | D        | Found a deep blue altar of Sif Muna.
   176 | D        | Found an iron altar of Okawaru.
   176 | D        | Found a glowing silver altar of Zin.
   176 | D        | Found a shimmering altar of Xom.
   299 | D        | Noticed a death drake
   299 | D        | Noticed a plague shambler
   299 | D        | Noticed a death drake
   299 | D        | Noticed a swamp drake
   299 | D        | Noticed a plague shambler
   300 | D        | Killed a plague shambler
   300 | D        | Reached XP level 8. HP: 33/36 MP: 15/25
   301 | D        | Killed a plague shambler
   301 | D        | Reached skill level 10 in Spellcasting
   301 | D        | Reached skill level 10 in Hexes
   301 | D        | Reached XP level 9. HP: 35/39 MP: 15/29
   303 | D        | Killed a death drake
   307 | D        | Engulfed by a cloud of foul pestilence

Action                   |  1- 3 |  4- 6 |  7- 9 || total
-------------------------+-------+-------+-------++-------
Melee: Dagger            |     4 |    17 |     5 ||    26
  Use: Potion            |     1 |       |       ||     1
 Stab: Sleeping          |     1 |     2 |     5 ||     8
